 Seeded DCSS version 0.28-a0-863-g8cecda6153 (webtiles) character file.

Game seed: 20211106 (custom seed)

2464 a11behringer the Cleaver (level 9, -1/77 HPs)
             Began as a Hill Orc Fighter on Nov 17, 2021.
             Was a Follower of Okawaru.
             Slain by a sixfirhy (3 damage)
             ... summoned by a kobold demonologist
             ... on level 7 of the Dungeon.
             The game lasted 00:17:46 (6503 turns).

a11behringer the Cleaver (Hill Orc Fighter)         Turns: 6503, Time: 00:17:47

Health: -1/77      AC: 13    Str: 22    XL:     9   Next: 50%
Magic:  0/9        EV: 10    Int:  8    God:    Okawaru [*.....]
Gold:   112        SH:  0    Dex: 10    Spells: 8/8 levels left

rFire   . . .      SeeInvis .   w - +4 war axe
rCold   . . .      Faith    .   c - +0 buckler
rNeg    . . .      Spirit   +   n - +3 ring mail
rPois   .          Reflect  .   k - +0 helmet
rElec   .          Harm     .   (no cloak)
rCorr   .          Rampage  .   q - +0 pair of gloves
Will    .....                   f - +0 pair of boots
Stlth   ..........              d - amulet of guardian spirit
HPRegen 0.22/turn               (no ring)
MPRegen 0.11/turn               (no ring)

@: confused, mighty, ambrosia-drunk, spiked
A: no striking features
a: Renounce Religion, Heroism


You were on level 7 of the Dungeon.
You worshipped Okawaru.
Okawaru was aware of your devotion.
You visited 2 branches of the dungeon, and saw 8 of its levels.

You collected 311 gold pieces.
You spent 199 gold pieces at shops.

Inventory:

Hand Weapons
 a - a +1 war axe
 w - a +4 war axe (weapon)
Missiles
 t - 5 boomerangs (quivered)
Armour
 b - a +0 scale mail
 c - a +0 buckler (worn)
 f - a +0 pair of boots (worn)
 k - a +0 helmet (worn)
 n - a +3 ring mail (worn)
 q - a +0 pair of gloves (worn)
 s - the +0 pair of boots of Forking Paths {rF+ Str+6 Dex-5}
   (You bought it in a shop on level 4 of the Dungeon)

   Str:       It affects your strength (+6).
   Dex:       It affects your dexterity (-5).
   rF:        It protects you from fire.
Jewellery
 d - an amulet of guardian spirit (around neck)
Wands
 j - a wand of polymorph (10)
 u - a wand of mindburst (5)
Scrolls
 g - 7 scrolls of teleportation
 o - a scroll of blinking
 x - a scroll of enchant weapon
 y - 2 scrolls of fear
Potions
 e - 3 potions of ambrosia
 h - a potion of flight {unknown}
 l - a potion of lignification {unknown}
 m - a potion of curing
 p - a potion of heal wounds {unknown}
 r - a potion of cancellation {unknown}
 v - 2 potions of mutation {unknown}


   Skills:
 + Level 6.3 Fighting
 * Level 13.3 Axes
 * Level 6.7 Armour
 - Level 4.2 Shields


You had 8 spell levels left.
You didn't know any spells.
Your spell library contained the following spells:

 Spells                   Type           Power      Damage    Failure   Level
 Beastly Appendage        Tmut           0%         N/A       54%         1
 Sandblast                Erth           0%         2d4       54%         1
 Passwall                 Tmut/Erth      0%         N/A       69%         2
 Scorch                   Fire           0%         2d5       69%         2
 Wereblood                Tmut           0%         N/A       69%         2
 Ozocubu's Armour         Ice            0%         N/A       89%         3
 Spider Form              Tmut/Pois      0%         N/A       89%         3
 Stone Arrow              Conj/Erth      0%         3d7       89%         3
 Flame Wave               Conj/Fire      0%         3d3       100%        4
 Ozocubu's Refrigeration  Ice            0%         4d5       100%        7
 Summon Cactus Giant      Summ           Unusable   N/A       N/A         6

Dungeon Overview and Level Annotations

Branches:
Dungeon (7/15)             Temple (1/1) D:7

Altars:
Cheibriados
Dithmenos
Elyvilon
Fedhas
Hepliaklqana
Kikubaaqudgha
Okawaru
Qazlal
Trog
Uskayaw
Vehumet
The Shining One

Shops:
D:4 ?[:!


Message History

The red devil hits you with a +0 trident!
Barbed spikes become lodged in your body.
You miss the kobold demonologist.
The kobold demonologist is moderately wounded.
You hit the red devil.
The kobold demonologist completely misses you.
The red devil hits you with a +0 trident!
* * * LOW HITPOINT WARNING * * *
Barbed spikes become lodged in your body.
You are confused.
You feel invigorated.
The kobold demonologist hits you with a +0 war axe.
The red devil closely misses you.
You slash the red devil!
The red devil is moderately wounded.
You slash the kobold demonologist!
The kobold demonologist begins to cast a cantrip, but forgets the words!
The red devil hits you with a +0 trident.
Barbed spikes become lodged in your body.
You closely miss the kobold demonologist.
The kobold demonologist is heavily wounded.
You hit the red devil but do no damage. The sixfirhy hits you.
The sixfirhy shocks you!
* * * LOW HITPOINT WARNING * * *
The sixfirhy hits you.
* * * LOW HITPOINT WARNING * * *
The sixfirhy shocks you!
* * * LOW HITPOINT WARNING * * *
The kobold demonologist closely misses you.
You slash the kobold demonologist!
The kobold demonologist is severely wounded.
You completely miss the sixfirhy. You hit the red devil.
The red devil disappears in a puff of smoke!
The sixfirhy hits you but does no damage.
The sixfirhy hits you.
* * * LOW HITPOINT WARNING * * *
The sixfirhy shocks you!
* * * LOW HITPOINT WARNING * * *
The sixfirhy hits you.
You die...

#.. #### ' # #.. #... ...
#... .... #.#.#.#.# #...#
.##> #.#..#.#.#..#...###
..#.#.....#.#.....#
.'..#...#..'.....####
#.#..K3ยง#.#........#
..#.#@#..#..#..#..#
#.#.#.#.#.#........#
#.........#..#.##.##
#.#####'#####..#.##.#
#................##.#####
####......##.#.####......
####.####...^. #..####
#.# #.....##.....# #.#
#.....###.##.#


You could see a kobold demonologist and a sixfirhy (summoned).

Vanquished Creatures
  A troll (D:7)
  Sigmund (D:2)
  A shadow (D:7)
  An ice beast (D:6)
  2 ogres
  2 centaurs (D:7)
  A phantom (D:6)
  A bullfrog (D:7)
  3 scorpions
  6 killer bees (D:7)
  A water moccasin skeleton (D:5)
  3 howler monkeys (D:7)
  3 wights (D:6)
  A centaur zombie (D:7)
  A gnoll shaman (D:7)
  4 hounds
  2 jellies
  4 centaur skeletons
  A killer bee zombie (D:7)
  A hound zombie (D:5)
  A hound skeleton (D:4)
  Robin (D:3)
  8 gnolls
  6 adders
  A white imp (D:7)
  An adder skeleton (D:4)
  2 dart slugs
  4 orcs
  5 ball pythons (D:1)
  2 endoplasms
  4 giant cockroaches
  19 goblins
  11 hobgoblins
  3 jackals (D:2)
  A quokka (D:1)
  6 bats
  5 frilled lizards
  7 kobolds
  A quokka skeleton (D:4)
  2 rats (D:3)
130 creatures vanquished.

Notes
Turn   | Place    | Note
-------+----------+-------------------------------------------
     0 | D:1      | a11behringer the Hill Orc Fighter began the quest for the
                  | Orb.
     0 | D:1      | Reached XP level 1. HP: 19/19 MP: 1/1
   269 | D:1      | Reached XP level 2. HP: 27/27 MP: 2/2
   273 | D:1      | Reached skill level 3 in Axes
   611 | D:1      | Reached XP level 3. HP: 29/33 MP: 3/3
  1140 | D:2      | Noticed Sigmund
  1149 | D:2      | Killed Sigmund
  1150 | D:2      | Reached skill level 6 in Axes
  1150 | D:2      | Reached XP level 4. HP: 40/40 MP: 4/4
  1150 | D:2      | Reached XP level 5. HP: 46/46 MP: 5/5
  1388 | D:2      | Reached XP level 6. HP: 52/52 MP: 6/6
  1423 | D:2      | Found a faded altar of an unknown god.
  1748 | D:3      | Found a snail-covered altar of Cheibriados.
  1761 | D:3      | Noticed Robin
  1765 | D:3      | Killed Robin
  1870 | D:3      | Reached skill level 7 in Axes
  2502 | D:4      | Found Hybezute's Magic Scroll Boutique.
  2503 | D:4      | Found Tiageust's Book Shoppe.
  2503 | D:4      | Found Asiuluo's Distillery.
  2504 | D:4      | Found Ucaogg's Antique Armour Shop.
  2672 | D:4      | Reached skill level 8 in Axes
  2672 | D:4      | Reached XP level 7. HP: 60/60 MP: 7/7
  2917 | D:4      | Identified the +3 rapier of Invincibility {vamp, rF+ Int+3}
  3022 | D:5      | Entered Level 5 of the Dungeon
  3686 | D:5      | Found a white marble altar of Elyvilon.
  3716 | D:5      | Reached skill level 9 in Axes
  4421 | D:4      | Bought a pair of jewelled boots for 199 gold pieces
  4421 | D:4      | Identified the +0 pair of boots of Forking Paths {rF+ Str+6
                  | Dex-5} (You bought it in a shop on level 4 of the Dungeon)
  4729 | D:6      | Reached XP level 8. HP: 67/67 MP: 6/8
  5001 | D:6      | Reached skill level 5 in Fighting
  5001 | D:6      | Reached skill level 10 in Axes
  5015 | D:6      | Reached skill level 5 in Armour
  5742 | D:6      | Reached skill level 11 in Axes
  5854 | D:7      | Found a staircase to the Ecumenical Temple.
  5894 | D:7      | Reached skill level 12 in Axes
  5894 | D:7      | Reached XP level 9. HP: 63/75 MP: 9/9
  5931 | Temple   | Entered the Ecumenical Temple
  6229 | Temple   | Became a worshipper of Warmaster Okawaru
  6407 | D:7      | Found a radiant altar of Vehumet.
  6483 | D:7      | Noticed a kobold demonologist
  6484 | D:7      | Noticed a red devil
  6485 | D:7      | Noticed a troll
  6491 | D:7      | Reached skill level 13 in Axes
  6496 | D:7      | Killed a troll
  6496 | D:7      | Reached * piety under Okawaru
  6499 | D:7      | Noticed a sixfirhy
  6503 | D:7      | HP: 2/77 [sixfirhy[a kobold demonologist] (6)]
  6503 | D:7      | Slain by a sixfirhy

Illustrated notes

Levels and vault maps discovered:
D:1:      mushboom_english_gardens, layout_loops_ring, st_stairs_12,
          columned_hall_lemuel, wad_floor_pattern_2
D:2:      layout_basic, basic_ecumenical_altar, minivault_4, dk_vineyard_3,
          uniq_sigmund
D:3:      layout_loops_cross, cheibriados_altar_1, uniq_robin
D:4:      layout_rooms, nicolae_wooded_promenade
D:5:      layout_basic, mainiacjoe_overflow_cross_hatched
D:6:      layout_loops_corners
D:7:      minmay_the_grid_plus [minmay_the_grid_gridbox,
          minmay_the_grid_small_cups, minmay_the_grid_fan,
          minmay_the_grid_spikes, minmay_the_grid_prize_inner_circle],
          layout_loops_cross, vehumet_crystals, minmay_temple_entry_grid
Temple:   jpeg_temple_island

Skill      XL: |  1  2  3  4  5  6  7  8  9 |
---------------+----------------------------+-----
Axes           | 3 6 8 9 12 13 | 13.3
Fighting       | 4 5 6 |  6.3
Armour         | 4 5 6 |  6.7
Shields        | 4 |  4.2

Action                   |  1- 3 |  4- 6 |  7- 9 || total
-------------------------+-------+-------+-------++-------
Melee: War axe           |    97 |   109 |   224 ||   430
  Use: Scroll            |     1 |     4 |     5 ||    10
       Potion            |     1 |       |     2 ||     3
Armor: Scale mail        |    46 |    44 |       ||    90
       Ring mail         |       |    11 |   117 ||   128
Dodge: Dodged            |    60 |    35 |    90 ||   185
Block: Buckler           |    25 |    22 |    40 ||    87

Table legend: (Time is in decaauts)
 A = Elapsed time spent in this place.
 B = Non-inter-level travel time spent in this place.
 C = Inter-level travel time spent in this place.
 D = Time resting spent in this place.
 E = Time spent auto-exploring this place.
 F = Levels seen in this place.
 G = Mean time per level.
                   A        B        C        D        E       F      G
               +--------+--------+--------+--------+--------+-----+--------+
         Total |   6600 |   5773 |    827 |      0 |   4838 |   8 |  825.0 |
       Dungeon |   6236 |   5465 |    771 |      0 |   4533 |   7 |  890.9 |
        Temple |    363 |    307 |     56 |      0 |    304 |   1 |  363.0 |
               +--------+--------+--------+--------+--------+-----+--------+

Top non-repeatable levels by time:
     D:5: 1532 daAuts
     D:6: 1207 daAuts
     D:1: 1167 daAuts
     D:3: 698 daAuts
     D:4: 683 daAuts
     D:2: 622 daAuts
  Temple: 363 daAuts
     D:7: 324 daAuts
